AoeStats
← Sir Gluteus Maximus

Arabia

506186663Analyzed
1v1 RM · 18d ago on Sep 12, 2026· 18m 59s· 2 players
Game mode
Random Map
Map size
Tiny (2 player)
Population
200
Speed
Normal
Resources
Standard
Victory
Conquest
Starting age
Dark Age
Ending age
Imperial Age
RankedLock teamsTeams togetherTeam positionsShared explorationLock speedFull tech treeHidden civsTurbo modeCheats
Victory
Defeat
🇳🇱 Teutons · Netherlands
882
+16
🇲🇰 Berbers · North Macedonia
876
-16
7zillyツ
9:40 Loom
12:28 Feudal Age
16:46 Castle Age
15:32 Bloodlines
16:14 Double-Bit Axe
17:20 Scale Barding Armor
Sir Gluteus Maximus
8:20 Loom
11:04 Feudal Age
Connection lost

Rejoining the realm…

Still unreachable

The connection could not be restored.

Session expired

The server has moved on; the page needs a fresh start.